 Dungeon Crawl Stone Soup version 0.28.0 (webtiles) character file.

Game seed: 10243947409993413436

37 DildoBatman the Conjurer (level 3, 0/22 (24) HPs)
             Began as a Formicid Conjurer on Feb 7, 2022.
             Succumbed to an adder's poison
             ... on level 1 of the Dungeon.
             The game lasted 00:02:29 (623 turns).

DildoBatman the Conjurer (Formicid Conjurer)         Turns: 623, Time: 00:02:30

HP:   0/22 (24)     AC:  4    Str: 11    XL:     3   Next: 62%
MP:   1/6           EV: 12    Int: 17    God:
Gold: 46            SH:  0    Dex: 11    Spells: 3/6 levels left

rFire   . . .      SeeInvis +   a - +2 dagger (holy)
rCold   . . .      Faith    .   (no shield)
rNeg    . . .      Spirit   .   h - +0 robe
rPois   .          Reflect  .   (helmet unavailable)
rElec   .          Harm     .   (no cloak)
rCorr   .          Rampage  .   (no gloves)
Will    .....                   (no boots)
Stlth   ++........              (no amulet)
HPRegen 0.07/turn               (no ring)
MPRegen 0.10/turn               (no ring)

@: lethally poisoned (0 -> -7), drained
A: permanent stasis, dig shafts and tunnels, antennae 3, four strong arms,
iridescent scales 1, deterioration 1, MP-powered wands
a: Dig, Shaft Self


You were on level 1 of the Dungeon.
You visited 1 branch of the dungeon, and saw 2 of its levels.

You collected 46 gold pieces.

Inventory:

Hand Weapons
 a - a +2 dagger of holy wrath (weapon)
Missiles
 c - 23 stones
 e - 6 poisoned darts
Armour
 h - a +0 robe (worn)
Scrolls
 b - a scroll of identify {unknown}
 f - a scroll of blinking {unknown}
Potions
 i - a potion of curing {unknown}
 j - a potion of lignification {unknown}


   Skills:
 - Level 1.7 Dodging
 - Level 2.4 Stealth
 - Level 2.1 Spellcasting
 * Level 4.7 Conjurations


You had 3 spell levels left.
You knew the following spells:

 Your Spells              Type           Power      Damage    Failure   Level
a - Searing Ray           Conj           34%        2d5       4%          2
c - Magic Dart            Conj           68%        1d6       2%          1

Your spell library contained the following spells:

 Spells                   Type           Power      Damage    Failure   Level
 Dazzling Flash           Conj/Hex       18%        N/A       22%         3
 Fulminant Prism          Conj/Hex       4%         3d6       58%         4
 Iskenderun's Mystic Bla  Conj/Tloc      9%         2d4       58%         4
 Freezing Cloud           Conj/Ice/Air   3%         6-21      95%         5
 Simulacrum               Ice/Necr       0%         N/A       100%        6
 Polar Vortex             Ice            0%         N/A       100%        9


Dungeon Overview and Level Annotations

Branches:
Dungeon (2/15)

Altars:

Shops:
D:2 [

Annotations:
D:2 Robin


Innate Abilities, Weirdness & Mutations

You cannot be hasted, slowed, berserked, paralysed or teleported.
You can dig through walls and to a lower floor.
You have a pair of large antennae on your head. (SInv)
Your four strong arms can wield two-handed weapons with a shield.
You are partially covered in iridescent scales. (AC +2)
Your body sometimes deteriorates upon taking damage.
You expend magic power (3 MP) to strengthen your wands.


Message History

You extend your mandibles.
You dig through the rock wall.
You feel drained.
You retract your mandibles.
The kobold hits you with a +0 short sword.
The kobold throws a stone.
The stone hits you but does no damage.
Casting: Magic Dart (safe; 3% risk of failure)
Confirm with . or Enter, or press ? or * to list all spells.
Aiming: Searing Ray (safe; 4% risk of failure)
Press: ? - help, Shift-Dir - straight line, f - goblin
Aim: a goblin, wielding a +0 dagger (72% to hit)
The searing ray misses the adder.
The searing ray hits the kobold.
You kill the kobold!
The searing ray hits the goblin.
You kill the goblin! (Press . to maintain the ray.)
The adder bites you.
You are poisoned.
The adder poisons you!
The searing ray hits the adder!
The adder is heavily wounded.
You feel sick. The adder misses you. The adder bites you.
You are more poisoned.
The adder poisons you!
The searing ray hits the adder!
You kill the adder!
The searing ray misses the goblin.
The searing ray hits the goblin!
You kill the goblin!
You feel sick.
It was a potion of mutation.
You feel extremely strange.
Iridescent scales grow over part of your body.
You feel yourself wasting away.
You feel your magical essence link to the dungeon's wands.
You die...

.≈#.............########....)....
.≈###...........###.†............
.≈ ##.............†##...#.......
≈≈#####.........######.##......).
≈≈#.....>......## #.##.#......
≈≈#####..g....## #.##.##.....
#######.##.##.########.##.##.....
............))gg.................
......##########@.##.............
.....## ######.#..........####
.....# #....#.............##
.....# #....#..............#
###### #...................# ###
#...................# ..#
#...[...............# ..#
#....)..............# ..#
#....##............##


You could see 2 goblins.

Vanquished Creatures
  An adder (D:1)
  A dart slug (D:1)
  4 ball pythons (D:1)
  3 bats (D:1)
  3 endoplasms (D:1)
  2 hobgoblins (D:1)
  2 frilled lizards (D:1)
  4 goblins (D:1)
  3 kobolds (D:1)
  2 rats
25 creatures vanquished.

Notes
Turn   | Place    | Note
-------+----------+-------------------------------------------
     0 | D:1      | DildoBatman the Formicid Conjurer began the quest for the
                  | Orb.
     0 | D:1      | Reached XP level 1. HP: 13/13 MP: 3/3
   272 | D:1      | Reached skill level 4 in Conjurations
   272 | D:1      | Reached XP level 2. HP: 19/19 MP: 0/5
   275 | D:1      | Learned a level 2 spell: Searing Ray
   393 | D:1      | Found a faded altar of an unknown god.
   525 | D:1      | Reached XP level 3. HP: 22/24 MP: 4/6
   586 | D:1      | You fall into a shaft and drop 1 floor!
   586 | D:2      | Found Poniach's Antique Armour Shoppe.
   607 | D:2      | Noticed Robin
   623 | D:1      | Gained mutation: You are partially covered in iridescent
                  | scales. (AC +2) [potion of mutation]
   623 | D:1      | Gained mutation: Your body sometimes deteriorates upon
                  | taking damage. [potion of mutation]
   623 | D:1      | Gained mutation: You expend magic power (3 MP) to
                  | strengthen your wands. [potion of mutation]
   623 | D:1      | Succumbed to an adder's poison

Illustrated notes

Levels and vault maps discovered:
D:1:      dpeg_arrival_shrine, layout_rooms, hellmonk_ecumenical_altar_lost_god
D:2:      layout_rooms, basic_altar, serial_shops, shop, grunt_ministairs_3,
          uniq_robin

Skill      XL: |  1 |
---------------+----+-----
Conjurations   | 4 |  4.7
Dodging        | |  1.7
Stealth        | |  2.4
Spellcasting   | |  2.1

Action                   || total
-------------------------++-------
Melee: Unarmed           ||     2
       Dagger            ||    13
       Short sword       ||     3
 Cast: Magic Dart        ||    33
       Searing Ray       ||     1
 Abil: Dig               ||     2
  Use: Potion            ||     1
 Stab: Sleeping          ||     1
Armor: Robe              ||     6
Dodge: Dodged            ||    22
